 Dungeon Crawl Stone Soup version 0.31-a0-426-g3a05650e59 (webtiles) character file.

Game seed: 5249541762596039662

1725688 Shard1697 the Invulnerable (level 26, 261/261 HPs)
             Began as an Armataur Gladiator on July 30, 2023.
             Was an Initiate of Gozag.
             Escaped with the Orb
             ... and 3 runes on July 31, 2023!
             The game lasted 01:44:08 (64326 turns).

Shard1697 the Invulnerable (Armataur Gladiator)    Turns: 64326, Time: 01:44:09

Health: 261/261    AC: 48    Str: 26    XL:     26   Next: 22%
Magic:  23/23      EV: 23    Int: 14    God:    Gozag
Gold:   13728      SH: 19    Dex: 20    Spells: 18/25 levels left

rFire   + + +        a - +18 lance "Wyrmbane" {slay drac, rPois rF+ rC+ AC+3}
rCold   + + .        D - +5 Storm Queen's Shield {shock, Fly rElec}
rNeg    + + .        c - +8 plate armour {rF+}
rPois   +            E - +2 helmet
rElec   +            J - scarf of Evolution {rC+ rF+, Harm}
rCorr   +            S - +2 pair of gloves {Dex+3}
SInv    .            Z - +0 barding of Dithmenos's Reproof {Int+5}
Will    ++++.        Y - amulet of the Four Winds {rN+ Will+++ Clar}
Stlth   +            X - ring of Knowledge {rN+ rCorr EV+5}
HPRegen 0.63/turn    Q - +5 ring of evasion
MPRegen 0.18/turn

%: harm (+30% outgoing, +20% incoming), clarity, roll
@: flying
A: large, rugged brown scales 3, deformed body, armoured tail, roll, long
tongue, awkward tongue, deterioration 2, no potion heal 1, inability to read
after injury 1
0: Orb of Zot
}: 3/15 runes: serpentine, barnacled, silver
a: Renounce Religion, Potion Petition, Call Merchant, Bribe Branch


You escaped.
You worshipped Gozag.
Gozag was extremely pleased with you.
You visited 10 branches of the dungeon, and saw 48 of its levels.
You visited the Abyss 1 time.
You also visited: Gauntlet and Ice Cave.

You collected 29871 gold pieces.
You spent 5635 gold pieces at shops.
You paid 10508 gold pieces to Gozag.

Inventory:

Hand Weapons
 a - the +18 lance "Wyrmbane" (weapon) {slay drac, rPois rF+ rC+ AC+3}
   (You bought it in a shop on level 3 of the Dungeon)

   AC:        It affects your AC (+3).
   rF:        It protects you from fire.
   rC:        It protects you from cold.
   rPois:     It protects you from poison.
 b - the +11 Singing Sword {sonic wave}
   (You took it off a vault sentinel on level 5 of the Vaults)
Armour
 c - a +8 plate armour of fire resistance (worn)
 j - the +4 dragonskin cloak
   (You took it off Tiamat on level 1 of the Realm of Zot)

   Avatar's Aegis: It grants the wearer a chance to resist fire, cold, poison,
   electricity, acid, and negative energy.
 D - the +5 Storm Queen's Shield (worn) {shock, Fly rElec}
   (You bought it in a shop on level 8 of the Dungeon)

   Shock:     When it blocks an attack, it may electrocute the attacker.
   This works even against foes who are a short distance away.
   rElec:     It insulates you from electricity.
   Fly:       It grants you flight.
 E - a +2 helmet (worn)
 J - the scarf of Evolution (worn) {rC+ rF+, Harm}
   (You found it in a Gauntlet)

   Harm:      It increases damage dealt and taken.
 S - a +2 pair of gloves of dexterity (worn)
 Z - the +0 barding of Dithmenos's Reproof (worn) {Int+5}
   (You acquired it on level 5 of the Lair of Beasts)

   Int:       It affects your intelligence (+5).
Jewellery
 f - an amulet of regeneration
 s - the amulet of Elumetz {Reflect Dex+2 SH+5}
   (You found it in a Gauntlet)

   [amulet of reflection]

   It reflects blocked missile attacks.
   Dex:       It affects your dexterity (+2).
   SH:        It affects your SH (+5).
 I - a +4 ring of slaying
 Q - a +5 ring of evasion (right hand)
 T - the ring "Zocku" {rPois rC++ Will- rCorr SInv}
   (You found it on level 2 of the Snake Pit)

   [ring of see invisible]

   rC:        It greatly protects you from cold.
   rPois:     It protects you from poison.
   SInv:      It lets you see invisible.
   rCorr:     It protects you from acid and corrosion.
   Will:      It decreases your willpower.
 X - the ring of Knowledge (left hand) {rN+ rCorr EV+5}
   (You found it on level 2 of the Snake Pit)

   [ring of evasion]

   EV:        It affects your evasion (+5).
   rN:        It protects you from negative energy.
   rCorr:     It protects you from acid and corrosion.
 Y - the amulet of the Four Winds (around neck) {rN+ Will+++ Clar}
   (You found it on level 3 of the Depths)

   [amulet of nothing]

   rN:        It protects you from negative energy.
   Clar:      It protects you from confusion, rage, mesmerisation and fear.
   Will:      It greatly increases your willpower.
Wands
 h - a wand of digging (19)
 p - a wand of polymorph (47)
 t - a wand of charming (97)
 x - a wand of acid (29)
 z - a wand of roots (32)
 A - a wand of flame (154)
 R - a wand of mindburst (11)
Scrolls
 i - 11 scrolls of fear
 l - 23 scrolls of teleportation
 u - a scroll of revelation
 y - 17 scrolls of fog
 F - 30 scrolls of identify
 G - 9 scrolls of blinking
 V - 9 scrolls of poison
Potions
 d - 6 potions of might
 e - 8 potions of curing
 k - 8 potions of enlightenment
 m - 12 potions of brilliance
 n - a potion of ambrosia
 o - 10 potions of lignification
 r - 12 potions of heal wounds
 w - 4 potions of cancellation
 B - 11 potions of haste
 C - 2 potions of magic
 M - 5 potions of resistance
 P - 3 potions of berserk rage
 U - 3 potions of invisibility
 W - 7 potions of mutation
Miscellaneous
 v - a lightning rod (4/4)
 K - a tin of tremorstones (2/2)
 L - a phantom mirror
 O - a phial of floods


   Skills:
 + Level 21.2 Fighting
 - Level 4.2(12.4) Axes
 - Level 17.8(18.0) Polearms
 - Level 1.7 Throwing
 O Level 27 Armour
 - Level 15.8 Dodging
 - Level 12.3 Stealth
 - Level 15.0 Shields
 - Level 20.5 Evocations


You had 18 spell levels left.
You knew the following spells:

 Your Spells              Type           Power      Damage    Failure   Level
a - Monstrous Menagerie   Summ           0%         N/A       100%        7

Your spell library contained the following spells:

 Spells                   Type           Power      Damage    Failure   Level
 Apportation              Tloc           0%         N/A       78%         1
 Foxfire                  Conj/Fire      0%         2x1d4     78%         1
 Freeze                   Ice            0%         1d3       78%         1
 Kiss of Death            Conj/Necr      0%         2d5       78%         1
 Magic Dart               Conj           0%         1d3       78%         1
 Necrotise                Necr           0%         1d4       78%         1
 Sandblast                Erth           0%         2d4       78%         1
 Shock                    Conj/Air       0%         1d3       78%         1
 Slow                     Hex            0%         N/A       78%         1
 Cigotuvi's Dreadful Rot  Necr/Pois/Air  0%         N/A       89%         2
 Ensorcelled Hibernation  Hex/Ice        0%         N/A       89%         2
 Passwall                 Tmut/Erth      0%         N/A       89%         2
 Poisonous Vapours        Pois/Air       0%         N/A       89%         2
 Searing Ray              Conj           0%         2d4       89%         2
 Static Discharge         Conj/Air       0%         2-2/arc   89%         2
 Sublimation of Blood     Necr           0%         N/A       89%         2
 Wereblood                Tmut           0%         N/A       89%         2
 Confusing Touch          Hex            0%         N/A       98%         3
 Frozen Ramparts          Ice            0%         1d1       98%         3
 Gell's Gravitas          Tloc           0%         N/A       98%         3
 Hailstorm                Conj/Ice       0%         3d3       98%         3
 Ignite Poison            Fire/Tmut/Pois 0%         N/A       98%         3
 Inner Flame              Hex/Fire       0%         N/A       98%         3
 Mephitic Cloud           Conj/Pois/Air  0%         N/A       98%         3
 Ozocubu's Armour         Ice            0%         N/A       98%         3
 Portal Projectile        Hex/Tloc       0%         N/A       98%         3
 Stone Arrow              Conj/Erth      0%         3d7       98%         3
 Summon Guardian Golem    Hex/Summ       0%         N/A       98%         3
 Swiftness                Air            0%         N/A       98%         3
 Teleport Other           Tloc           0%         N/A       98%         3
 Tukima's Dance           Hex            0%         N/A       98%         3
 Vampiric Draining        Necr           0%         2d6       98%         3
 Vhi's Electric Charge    Tloc/Air       0%         N/A       98%         3
 Volatile Blastmotes      Fire/Tloc      0%         2d10      98%         3
 Airstrike                Air            0%         2d(0-16)  100%        4
 Anguish                  Hex/Necr       0%         N/A       100%        4
 Animate Armour           Summ/Erth      0%         N/A       100%        4
 Cause Fear               Hex            0%         N/A       100%        4
 Dispel Undead            Necr           0%         3d6       100%        4
 Flame Wave               Conj/Fire      0%         2d4       100%        4
 Fulminant Prism          Conj/Hex       0%         3d5       100%        4
 Leda's Liquefaction      Hex/Erth       0%         N/A       100%        4
 Olgreb's Toxic Radiance  Pois           0%         N/A       100%        4
 Passage of Golubria      Tloc           0%         N/A       100%        4
 Petrify                  Tmut/Erth      0%         N/A       100%        4
 Sticky Flame             Conj/Fire      0%         2d3       100%        4
 Summon Ice Beast         Ice/Summ       0%         N/A       100%        4
 Summon Lightning Spire   Summ/Air       0%         N/A       100%        4
 Agony                    Necr           0%         N/A       100%        5
 Alistair's Intoxication  Tmut/Pois      0%         N/A       100%        5
 Borgnjor's Vile Clutch   Necr/Erth      0%         N/A       100%        5
 Fireball                 Conj/Fire      0%         3d3       100%        5
 Freezing Cloud           Conj/Ice/Air   0%         6-21      100%        5
 Irradiate                Conj/Tmut      0%         3d11      100%        5
 Iskenderun's Battlesphe  Conj           0%         2d6       100%        5
 Lee's Rapid Deconstruct  Erth           0%         3d4*      100%        5
 Metabolic Englaciation   Hex/Ice        0%         N/A       100%        5
 Summon Mana Viper        Hex/Summ       0%         N/A       100%        5
 Yara's Violent Unravell  Hex/Tmut       0%         3d3       100%        5
 Conjure Ball Lightning   Conj/Air       0%         3x3d6     100%        6
 Dispersal                Tloc           0%         N/A       100%        6
 Leda's Unmaking          Conj/Erth      0%         9d1       100%        6
 Plasma Beam              Fire/Air       0%         2x1d10    100%        6
 Starburst                Conj/Fire      0%         6d3       100%        6
 Enfeeble                 Hex            0%         N/A       100%        7
 Haunt                    Necr/Summ      0%         N/A       100%        7
 Orb of Destruction       Conj           0%         9d5       100%        7
 Ozocubu's Refrigeration  Ice            0%         4d7       100%        7
 Spellforged Servitor     Conj/Summ      0%         N/A       100%        7
 Summon Hydra             Summ           0%         N/A       100%        7
 Discord                  Hex            0%         N/A       100%        8
 Disjunction              Tloc           0%         N/A       100%        8
 Ignition                 Fire           0%         3d3       100%        8
 Infestation              Necr           0%         N/A       100%        8
 Lehudib's Crystal Spear  Conj/Erth      0%         10d2      100%        8
 Dragon's Call            Summ           0%         N/A       100%        9
 Polar Vortex             Ice            0%         N/A       100%        9
 Animate Dead             Necr           Unusable   N/A       N/A         4
 Simulacrum               Ice/Necr       Unusable   N/A       N/A         6

Dungeon Overview and Level Annotations

Branches:
Dungeon (15/15)            Temple (1/1) D:7            Lair (5/5) D:11
 Shoals (4/4) Lair:3        Snake (4/4) Lair:2        Slime (0/5) Lair:5
    Orc (2/2) D:12            Elf (3/3) Orc:2        Vaults (5/5) D:13
  Crypt (0/3) Vaults:2     Depths (4/4) D:15            Zot (5/5) Depths:4
  IceCv (visited)         Gauntlet (visited)

Altars:
Ashenzari
Cheibriados
Dithmenos
Elyvilon
Fedhas
Gozag
Hepliaklqana
Kikubaaqudgha
Makhleb
Nemelex Xobeh
Okawaru
Qazlal
Ru
Sif Muna
Trog
Uskayaw
Vehumet
Wu Jian
Xom
Yredelemnul
Zin
The Shining One

Shops:
D:3 *   D:4 :   D:5 =   D:8 [   Orc:2 =:[:   Elf:2 (   Elf:3 *   Shoals:1 :
Shoals:3 !   Shoals:4 (   Vaults:1 (??*   Depths:3 [?=*

Portals:
Hell: Depths:1 Depths:2 Depths:3 Depths:4
Abyss: Depths:3
Pandemonium: Depths:2
Ziggurat: Depths:1

Annotations:
Depths:4 3 runed translucent doors, Notoschet's ghost, adept DsFi
Zot:1 4 transporters
Zot:3 1 runed translucent door, Xapeig's ghost, legendary GrAr
Zot:4 2 transporters


Innate Abilities, Weirdness & Mutations

You are completely covered in rugged brown scales. (AC +3, +7% HP)
Armour fits poorly on your strangely shaped body.
You have a long armoured tail.
You roll when moving toward enemies. (Rampage)
Your long tongue fully drains potion bottles. (2x potion effects)
Your tongue gives you trouble enunciating. (1.5x scroll delay)
Your body often deteriorates upon taking damage.
Potions are less effective at restoring your health.
You occasionally lose the ability to read scrolls when taking damage.


Message History

There is a stone staircase leading up here.
You fly upwards.
A profane servitor comes into view. It is wielding a +2 whip.
There is a stone staircase leading down here.
A profane servitor is nearby!
There is a stone staircase leading up here.
You fly upwards.
There is a stone staircase leading down here.
Things that are here:
a +0 chain mail; a +0 dagger You see here a +0 club.
There is a stone staircase leading up, spattered with blood here.
You fly upwards.
There is a stone staircase leading down, spattered with blood here.
Items here: ( )) [[.
There is an escape hatch in the ceiling here.
There is a stone staircase leading up here.
You fly upwards.
There is a stone staircase leading down here.
There is a stone staircase leading up here.
You fly upwards.
There is a stone staircase leading down here.
There is a stone staircase leading up here.
You fly upwards.
There is a stone staircase leading down here.
Things that are here:
a +0 robe; a +0 dagger
There is a stone staircase leading up here.
You fly upwards.
There is a stone staircase leading down here.
There is a stone staircase leading up here.
You fly upwards.
There is a stone staircase leading down here.
You reach down and open the door.
There is an open door here.
You see here a stone.
You see here 3 stones.
There is an open door here.
There is a staircase leading out of the dungeon here.
You have escaped!

###.# #[###..# ##.#...
#.# #.##...# #..#.##
#.# #.##'#.# #.##.#.
#.# #.##.### #.##...
#.# ###.#.(.# #.####.
#.# ##.###...####.## #.
#.# #...#((.(◎##...###.
#.# #...#((((.#...†....
#.# #.@.'((8((##...###.
#.# #...#(.(.(###.## #.
#.# #...#(((.(# #.# #.
#.# ##.###..(####.####.
#.######.#...#.........
#......^.##.#####.####.
########.##'#...).# #.
#.##..###### #. #.###.#
#.


There were no monsters in sight!

Vanquished Creatures
  A pandemonium lord (Zot:4)
  3 dread liches
  2 orbs of fire (Zot:5)
  An ancient lich (Zot:5)
  Tiamat (Zot:1)
  Mara (Depths:2)
  Vv (Zot:1)
  8 Killer Klowns
  Bai Suzhen (Shoals:4)
  Margery (Vaults:4)
  Saint Roka (Depths:4)
  21 golden dragons
  2 curse toes
  the Enchantress (Depths:3)
  3 bone dragons
  4 electric golems
  19 tentacled monstrosities
  Jorgrun (Elf:2)
  Mlioglotl (Shoals:2)
  An Ice Fiend (Zot:2)
  Asterion (Depths:2)
  11 Orb Guardians
  7 quicksilver dragons
  2 liches
  A walking frostbound tome (Depths:4)
  7 deep elf blademasters
  4 titans (Vaults:5)
  4 deep elf master archers (Elf:3)
  Frances (D:13)
  A sphinx (Vaults:5)
  10 death cobs
  15 storm dragons
  16 shadow dragons
  6 draconian monks
  7 tengu reavers
  Aizul (Snake:2)
  8 nagarajas
  Ilsuiw (Shoals:2)
  10 fire giants
  Donald (Shoals:2)
  An azure jelly (shapeshifter) (Vaults:5)
  5 draconian knights
  8 deep elf sorcerers
  5 frost giants
  2 iron dragons
  3 ghost moths
  13 vault wardens
  5 draconian scorchers
  A balrug (Depths:1)
  5 spectral caustic shrikes (Depths:4)
  3 deep elf elementalists (Elf:3)
  9 draconian shifters
  13 ironbound preservers
  2 draconian stormcallers
  A cacodemon (Depths:4)
  An orc warlord (Orc:2)
  5 spriggan defenders
  7 very ugly things
  2 war gargoyles
  5 juggernaut skeletons
  3 formless jellyfish
  2 vampire knights
  8 stone giants
  2 caustic shrike skeletons (Depths:3)
  10 ironbound thunderhulks
  4 deep elf demonologists
  12 deep elf annihilators
  10 green draconians
  8 purple draconians
  7 white draconians
  Azrael (Elf:2)
  9 black draconians
  13 red draconians
  3 spark wasps (Depths:2)
  9 dire elephants
  A minotaur (Gauntlet)
  9 yellow draconians
  4 crystal guardians
  A green death (Zot:3)
  9 deep elf death magi
  4 merfolk javelineers
  9 merfolk impalers
  8 ettins
  11 deep elf high priests (Elf:3)
  12 fire dragons
  5 great orbs of eyes
  2 caustic shrike simulacra (IceCv)
  An entropy weaver (shapeshifter) (D:14)
  3 hydras
  2 quicksilver dragon skeletons
  An entropy weaver (Vaults:4)
  12 yaktaur captains
  9 ice dragons
  5 peacekeepers
  17 vault guards
  Erolcha (Orc:2)
  A rakshasa (Depths:2)
  18 centaur warriors
  12 ironbound frosthearts
  2 spriggan skeletons (Depths:3)
  3 hell beasts
  5 anacondas
  2 salamander tyrants
  4 alligator snapping turtles
  A spriggan air mage (Depths:3)
  The ghost of Aseqaof the Carver, a journeyman GnWn of Hepliaklqana (Elf:1)
  A satyr (shapeshifter) (Vaults:5)
  2 satyrs (Shoals:3)
  9 two-headed ogres
  7 boulder beetles
  5 merfolk avatars
  3 ogre magi
  6 catoblepae
  9 merfolk aquamancers
  17 naga warriors
  3 hell hogs
  23 dancing weapons
  4 deep troll shamans
  A vampire mage (Lair:3)
  5 orc high priests
  A tengu warrior (D:13)
  A spriggan berserker (Depths:3)
  16 deep elf knights
  18 naga sharpshooters
  A titan zombie (Vaults:5)
  7 shock serpents
  9 deep troll earth magi
  4 skysharks
  Nergalle (Lair:3)
  8 sun demons
  2 soul eaters (Depths:3)
  7 hell knights
  10 iron trolls
  A titan skeleton (Depths:3)
  9 sea snakes
  A sixfirhy (Depths:4)
  9 salamander mystics
  A storm dragon skeleton (Depths:3)
  A deep troll (shapeshifter) (Depths:2)
  6 naga ritualists
  23 skeletal warriors
  45 deep trolls
  A swamp dragon (Zot:2)
  4 glowing orange brains
  Pikel (D:7)
  A death drake (Gauntlet)
  7 lindwurms
  4 necromancers
  13 deep elf archers
  4 flayed ghosts
  17 ironbound convokers
  7 phantasmal warriors
  6 wizards
  A sphinx zombie (Depths:2)
  2 orange crystal statues (IceCv)
  16 harpies
  A spectral wolf spider (Gauntlet)
  12 mana vipers
  37 deep elf zephyrmancers
  A stone giant zombie (Vaults:5)
  24 ugly things
  A human zombie (Vaults:5)
  9 cyclopes
  4 orc knights (Orc:2)
  3 golden dragon skeletons
  9 fauns
  20 deep elf pyromancers
  7 orc sorcerers
  3 sphinx skeletons
  2 shadow dragon skeletons (Depths:3)
  15 manticores
  An iron dragon zombie (Depths:2)
  2 tengu skeletons
  16 salamanders
  2 spectral centaurs (Gauntlet)
  32 moths of wrath
  17 elephants
  A fire giant skeleton (Depths:3)
  11 merfolk sirens
  2 iron dragon skeletons (Depths:3)
  An elf zombie (Vaults:1)
  A black mamba (shapeshifter) (Elf:3)
  6 water nymphs
  2 gargoyles
  4 frost giant skeletons
  A rust devil (Gauntlet)
  A torpor snail (Lair:3)
  21 vault sentinels
  20 naga magi
  6 smoke demons
  9 apocalypse crabs (Depths:2)
  4 guardian serpents
  34 black mambas
  10 cane toads
  An unseen horror (shapeshifter) (Depths:4)
  11 komodo dragons
  An unseen horror (D:12)
  A hellion (Depths:1)
  28 yaktaurs
  3 tengu conjurers
  5 rime drakes
  2 anaconda simulacra (IceCv)
  4 freezing wraiths
  2 burning bushes (Lair:5)
  3 golden dragon simulacra (IceCv)
  10 wind drakes
  3 polar bears
  9 trolls
  A tengu simulacrum (Depths:2)
  A merfolk (shapeshifter) (Vaults:5)
  A wolf spider simulacrum (D:15)
  21 merfolk
  A wind drake (shapeshifter) (Vaults:5)
  7 hornets
  8 dream sheep
  A hornet (shapeshifter) (D:13)
  7 snapping turtles
  A large abomination (Elf:1)
  3 blink frogs (Lair:2)
  A fire giant simulacrum (Depths:2)
  51 slime creatures
  9 spriggans
  8 flying skulls (Depths:3)
  8 wraiths
  A ynoxinul (Gauntlet)
  3 air elementals
  A human (Lair:3)
  A vampire (D:13)
  21 water elementals
  4 wyverns
  A dire elephant simulacrum (IceCv)
  3 fire elementals (Elf:2)
  56 yaks
  3 fire bats (Gauntlet)
  A steam dragon (D:8)
  2 elf skeletons
  2 basilisks
  14 vampire mosquitoes
  3 wargs
  A swamp worm (shapeshifter) (Vaults:5)
  5 hell hounds
  54 nagas
  14 water moccasins
  2 glowing shapeshifter skeletons (Depths:3)
  3 acid dragons
  9 black bears
  2 hydra simulacra (IceCv)
  An ice beast (D:5)
  30 orc warriors
  3 alligator simulacra (IceCv)
  4 ettin simulacra
  4 boggarts
  A tengu (shapeshifter) (Vaults:5)
  8 ogres
  8 wolves
  A wolf (shapeshifter) (Elf:1)
  4 lemures
  3 centaurs
  A kobold brigand (D:8)
  A gnoll sergeant (D:11)
  19 bullfrogs
  An ogre simulacrum (Vaults:5)
  6 earth elementals
  3 scorpions
  5 wights
  8 killer bees (D:8)
  A lindwurm simulacrum (IceCv)
  2 howler monkeys
  2 electric eels (Lair:5)
  4 hounds (D:5)
  A jelly (D:7)
  2 gnoll boudas
  27 orc priests
  2 iron imps (Gauntlet)
  2 iguanas (D:5)
  Terence (D:2)
  35 orc wizards
  16 gnolls
  7 adders
  A white imp (D:7)
  2 ufetubi (D:5)
  A worm (D:4)
  A dart slug (D:3)
  115 orcs
  2 ball pythons
  5 endoplasms
  3 goblins
  10 hobgoblins
  13 kobolds
  A quokka (D:1)
  6 bats
  4 frilled lizards
  5 rats
2072 creatures vanquished.

Vanquished Creatures (collateral kills)
  A dread lich (Zot:5)
  An ancient lich (Zot:5)
  3 golden dragons
  11 Orb Guardians (Zot:5)
  A shadow dragon (Vaults:5)
  A death cob (Zot:5)
  A vault warden (Vaults:5)
  A war gargoyle (Vaults:5)
  4 stone giants (Vaults:5)
  A red draconian (Zot:5)
  2 white draconians (Zot:3)
  A yellow draconian (Zot:5)
  7 vault guards (Vaults:5)
  A phantasmal warrior (Vaults:5)
  2 ironbound convokers (Vaults:5)
  A moth of wrath (shapeshifter) (Vaults:5)
  3 moths of wrath
42 creatures vanquished.

Vanquished Creatures (others)
  An ancient lich (Zot:5)
  3 dread liches
  An electric golem (Zot:5)
  3 tentacled monstrosities (Vaults:5)
  A lich (Vaults:5)
  2 Orb Guardians (Zot:5)
  A titan (Vaults:5)
  A tengu reaver (Vaults:5)
  A storm dragon (Zot:5)
  2 draconian monks (Zot:5)
  3 vault wardens (Vaults:5)
  A ghost moth (Zot:5)
  A balrug (Zot:5)
  A draconian stormcaller (Zot:5)
  2 war gargoyles (Vaults:5)
  A green draconian (Zot:5)
  An ironbound thunderhulk (Vaults:5)
  A purple draconian (Zot:5)
  A yaktaur captain (Vaults:5)
  Josephine (Orc:2)
  12 vault guards (Vaults:5)
  2 ogre magi (Vaults:5)
  A naga warrior (Snake:1)
  4 two-headed ogres (Vaults:5)
  A dancing weapon (Elf:2)
  2 sun demons (Zot:5)
  A soul eater (Zot:4)
  A deep elf knight (Elf:2)
  A glowing orange brain (Zot:5)
  An ironbound convoker (Vaults:5)
  A deep elf zephyrmancer (Elf:1)
  A water elemental (Elf:2)
  2 ogres (Vaults:5)
  An orc priest (Orc:2)
60 creatures vanquished.

Grand Total: 2174 creatures vanquished

Notes
Turn   | Place    | Note
-------+----------+-------------------------------------------
     0 | D:1      | Shard1697 the Armataur Gladiator began the quest for the
                  | Orb.
     0 | D:1      | Reached XP level 1. HP: 18/18 MP: 1/1
   531 | D:1      | Reached XP level 2. HP: 25/25 MP: 2/2
   943 | D:2      | Noticed Terence
   991 | D:2      | Killed Terence
   992 | D:2      | Reached XP level 3. HP: 31/31 MP: 3/3
  1348 | D:3      | Reached XP level 4. HP: 38/38 MP: 4/4
  1506 | D:3      | Found a white marble altar of Elyvilon.
  1515 | D:3      | Found Modomof's General Store.
  1589 | D:3      | Found a broken altar of Ashenzari.
  1769 | D:3      | Reached XP level 5. HP: 29/48 MP: 5/5
  2227 | D:4      | Found a snail-covered altar of Cheibriados.
  2612 | D:4      | Found Gyegayf's Tremendous Tomes.
  2792 | D:4      | Found a glowing golden altar of the Shining One.
  3238 | D:5      | Entered Level 5 of the Dungeon
  3287 | D:5      | Reached XP level 6. HP: 55/56 MP: 4/6
  3483 | D:5      | Reached skill level 1 in Polearms
  3528 | D:5      | Found Jales's Jewellery Boutique.
  3594 | D:5      | Noticed an ice beast
  3609 | D:5      | Killed an ice beast
  3610 | D:5      | Reached XP level 7. HP: 50/64 MP: 5/7
  4397 | D:6      | Reached skill level 5 in Polearms
  4410 | D:6      | Reached XP level 8. HP: 36/71 MP: 6/8
  4821 | D:6      | Found a radiant altar of Vehumet.
  4996 | D:7      | Found a staircase to the Ecumenical Temple.
  5160 | D:7      | Noticed Pikel
  5161 | Temple   | Entered the Ecumenical Temple
  5197 | Temple   | Became a worshipper of Gozag Ym Sagoz the Greedy
  5265 | D:7      | Killed Pikel
  5832 | D:6      | Reached skill level 5 in Fighting
  5832 | D:6      | Reached XP level 9. HP: 74/79 MP: 9/9
  5914 | D:7      | Identified a scroll of acquirement
  5914 | D:7      | Acquired 712 gold pieces
  6195 | D:3      | Bought the +8 lance "Wyrmbane" {slay drac, rPois rF+ rC+
                  | AC+3} for 1050 gold pieces
  6195 | D:3      | Found the +8 lance "Wyrmbane" {slay drac, rPois rF+ rC+
                  | AC+3}
  6273 | D:7      | You are sucked into a shaft and drop 2 floors!
  6274 | D:9      | Noticed a two-headed ogre
  6292 | D:9      | Killed a two-headed ogre
  6324 | D:9      | Noticed a troll
  6337 | D:9      | Killed a troll
  7228 | D:7      | Reached XP level 10. HP: 42/92 MP: 6/10
  7991 | D:8      | Found Odeusax's Armour Boutique.
  8713 | D:10     | Entered Level 10 of the Dungeon
  8751 | D:10     | Reached skill level 10 in Polearms
  8922 | D:8      | Bought the +5 Storm Queen's Shield {shock, Fly rElec} for
                  | 592 gold pieces
  8922 | D:8      | Found the +5 Storm Queen's Shield {shock, Fly rElec}
  9010 | D:10     | Reached skill level 1 in Shields
  9597 | D:11     | Noticed a two-headed ogre
  9614 | D:11     | Killed a two-headed ogre
  9814 | D:10     | Reached XP level 11. HP: 88/103 MP: 9/11
 10022 | D:11     | Reached skill level 5 in Shields
 10035 | D:11     | Noticed a two-headed ogre
 10045 | D:11     | Killed a two-headed ogre
 10387 | D:11     | Found a staircase to the Lair.
 10918 | D:8      | Bought a +1 cloak of stealth for 214 gold pieces
 11038 | D:5      | Bought a +5 ring of evasion for 504 gold pieces
 11183 | Lair:1   | Entered Level 1 of the Lair of Beasts
 11226 | Lair:1   | Reached skill level 10 in Fighting
 11252 | Lair:1   | Noticed a catoblepas
 11264 | Lair:1   | Killed a catoblepas
 11366 | Lair:1   | Found a gate leading to a gauntlet.
 11371 | Gauntlet | Entered a Gauntlet
 11371 | Gauntlet | Found a transporter.
 11374 | Gauntlet | Found a transporter.
 11378 | Gauntlet | Found a transporter.
 11380 | Gauntlet | Noticed a catoblepas
 11382 | Gauntlet | Found a runed translucent door.
 11384 | Gauntlet | Found a runed translucent door.
 11385 | Gauntlet | Found a transporter.
 11391 | Gauntlet | Found a transporter.
 11395 | Gauntlet | Found a transporter.
 11400 | Gauntlet | Found a transporter.
 11404 | Gauntlet | Noticed a death drake
 11411 | Gauntlet | Found a transporter.
 11412 | Gauntlet | Found a transporter.
 11416 | Gauntlet | Found a transporter.
 11422 | Gauntlet | Found a transporter.
 11422 | Gauntlet | Noticed a hell hog
 11426 | Gauntlet | Found a transporter.
 11431 | Gauntlet | Found a transporter.
 11433 | Gauntlet | Noticed a hell beast
 11440 | Gauntlet | Found a transporter.
 11445 | Gauntlet | Found a runed translucent door.
 11671 | Gauntlet | Killed a catoblepas
 11672 | Gauntlet | Reached skill level 1 in Armour
 11672 | Gauntlet | Reached skill level 1 in Evocations
 11731 | Gauntlet | Killed a death drake
 11732 | Gauntlet | Reached skill level 2 in Armour
 11732 | Gauntlet | Reached XP level 12. HP: 109/113 MP: 12/12
 11753 | Gauntlet | Reached skill level 3 in Armour
 11777 | Gauntlet | Killed a hell hog
 11867 | Gauntlet | Killed a hell beast
 11868 | Gauntlet | Reached skill level 4 in Armour
 11884 | Gauntlet | Identified the scarf of Evolution {rC+ rF+, Harm}
 11890 | Gauntlet | Noticed a minotaur
 11904 | Gauntlet | Killed a minotaur
 11912 | Gauntlet | Identified the amulet of Elumetz {Reflect Dex+2 SH+5}
 12014 | Lair:1   | Reached skill level 5 in Armour
 12663 | Lair:2   | Reached skill level 6 in Armour
 12679 | Lair:2   | Reached skill level 5 in Evocations
 12682 | Lair:2   | Reached skill level 10 in Shields
 12761 | Lair:2   | Noticed a four-headed hydra
 12769 | Lair:2   | Killed a four-headed hydra
 12770 | Lair:2   | Reached skill level 7 in Armour
 13183 | Lair:2   | Found a staircase to the Snake Pit.
 13466 | Lair:2   | Reached XP level 13. HP: 120/120 MP: 13/13
 13842 | Lair:3   | Noticed Nergalle
 13851 | Lair:3   | Killed Nergalle
 13852 | Lair:3   | Reached skill level 8 in Armour
 14131 | Lair:3   | Found a staircase to the Shoals.
 14287 | Lair:3   | Found a runed translucent door.
 14310 | Lair:3   | Identified the +6 trident of Ashenzari {heavy, rPois rC-
                  | Dex+5}
 14508 | Lair:3   | Identified the +1 plate armour "Codafamya" {rN+ Regen+
                  | Str-4}
 15069 | Lair:4   | Reached skill level 9 in Armour
 15407 | Lair:5   | Entered Level 5 of the Lair of Beasts
 15681 | Lair:5   | Reached skill level 10 in Armour
 15704 | Lair:5   | Reached skill level 1 in Stealth
 15744 | Lair:5   | Reached skill level 5 in Dodging
 15749 | Lair:5   | Reached XP level 14. HP: 95/129 MP: 14/14
 16419 | Lair:5   | Acquired the +0 barding of Dithmenos's Reproof {Int+5}
 16475 | Lair:5   | Found a staircase to the Slime Pits.
 16736 | Lair:5   | Identified the +1 ring mail "Etasablu" {Str+4}
 16748 | Lair:5   | Identified the amulet of Linearity {Acrobat rPois Will++
                  | Int+3 SInv}
 17291 | D:12     | Identified the +2 scale mail "Vuseiwet" {rElec rC- rN+
                  | Int+4}
 17565 | D:12     | Found a staircase to the Orcish Mines.
 17645 | D:12     | Found a burning altar of Makhleb.
 18075 | D:13     | Reached skill level 10 in Evocations
 18122 | D:13     | Found a gate to the Vaults.
 18179 | D:13     | Reached skill level 5 in Stealth
 18505 | D:13     | Noticed Sonja
 18506 | D:13     | Sonja changed into Sonja the black mamba
 18506 | D:13     | Noticed Sonja
 18522 | D:13     | Killed Sonja the black mamba
 18771 | D:13     | Noticed Frances
 18798 | D:13     | Killed Frances
 19524 | D:14     | Reached XP level 15. HP: 106/134 MP: 15/15
 20021 | D:14     | Found a runed translucent door.
 20154 | D:15     | Entered Level 15 of the Dungeon
 20666 | D:15     | Found a staircase to the Depths.
 21311 | Orc:1    | Entered Level 1 of the Orcish Mines
 21728 | Orc:2    | Entered Level 2 of the Orcish Mines
 22017 | Orc:2    | Noticed Erolcha
 22031 | Orc:2    | Killed Erolcha
 22149 | Orc:2    | Found a staircase to the Elven Halls.
 22162 | Orc:2    | Found Omufyul's Book Shop.
 22356 | Orc:2    | Noticed Josephine
 22491 | Orc:2    | Killed Josephine
 22892 | Orc:2    | Found Ihihetz's Book Shop.
 22892 | Orc:2    | Found Powuikat's Armour Shoppe.
 23080 | Orc:2    | Found Comuler's Jewellery Shop.
 23080 | Orc:2    | Found Doaxay's Book Shoppe.
 23279 | Snake:1  | Entered Level 1 of the Snake Pit
 23279 | Snake:1  | Noticed a nagaraja
 23292 | Snake:1  | Killed a nagaraja
 23649 | Snake:1  | Reached skill level 10 in Dodging
 23863 | Snake:1  | Reached XP level 16. HP: 147/147 MP: 16/16
 24650 | Snake:1  | Learned a level 7 spell: Monstrous Menagerie
 25037 | Snake:2  | Found a transporter.
 25043 | Snake:2  | Noticed Aizul
 25055 | Snake:2  | Killed Aizul
 25311 | Snake:2  | Found a transporter.
 25478 | Snake:2  | Identified the ring "Zocku" {rPois rC++ Will- rCorr SInv}
 25491 | Snake:2  | Identified the ring of Knowledge {rN+ rCorr EV+5}
 25578 | Snake:3  | Reached skill level 15 in Shields
 25622 | Snake:3  | Found a frozen archway.
 25631 | IceCv    | Entered an ice cave
 25649 | IceCv    | Reached skill level 11 in Armour
 26840 | Snake:3  | Found an ornate altar of the Wu Jian Council.
 27642 | Snake:4  | Entered Level 4 of the Snake Pit
 27696 | Snake:4  | Reached skill level 12 in Armour
 27916 | Snake:4  | Reached XP level 17. HP: 134/158 MP: 17/17
 29503 | Snake:4  | Reached skill level 13 in Armour
 30079 | Snake:4  | Got a serpentine rune of Zot
 30412 | Shoals:1 | Entered Level 1 of the Shoals
 30574 | Shoals:1 | Found Ysian's Vocational Training.
 30621 | Shoals:1 | Bought a manual of Evocations for 1200 gold pieces
 31429 | Shoals:2 | Noticed Mlioglotl
 31464 | Shoals:2 | Killed Mlioglotl
 31658 | Shoals:2 | Noticed Ilsuiw
 31680 | Shoals:2 | Killed Ilsuiw
 32600 | Shoals:2 | Noticed Donald
 32612 | Shoals:2 | Killed Donald
 33048 | Shoals:3 | Reached skill level 14 in Armour
 33161 | Shoals:3 | Reached XP level 18. HP: 170/170 MP: 18/18
 33180 | Shoals:3 | Found Cualisez's Distillery.
 33291 | Shoals:3 | Bought 2 potions of haste for 360 gold pieces
 33291 | Shoals:3 | Bought a potion of curing for 54 gold pieces
 33291 | Shoals:3 | Bought a potion of mutation for 144 gold pieces
 33291 | Shoals:3 | Bought a potion of invisibility for 144 gold pieces
 33291 | Shoals:3 | Bought a potion of might for 72 gold pieces
 33291 | Shoals:3 | Bought a potion of resistance for 180 gold pieces
 33291 | Shoals:3 | Bought a potion of heal wounds for 90 gold pieces
 33731 | Shoals:4 | Entered Level 4 of the Shoals
 33967 | Shoals:4 | Got a barnacled rune of Zot
 34256 | Shoals:4 | Noticed Bai Suzhen
 34274 | Shoals:4 | Killed Bai Suzhen
 34847 | Shoals:4 | Found Lariuwor's Weapon Shop.
 34853 | Shoals:4 | Reached skill level 15 in Armour
 35013 | Shoals:4 | Identified the +3 mace of Ylleigu {flame, Str+3}
 35555 | Elf:1    | Entered Level 1 of the Elven Halls
 35848 | Elf:1    | Found a transporter.
 35862 | Elf:1    | Noticed Aseqaof's ghost (journeyman GnWn)
 35870 | Elf:1    | Paralysed by an air elemental for 1 turns
 35886 | Elf:1    | Reached skill level 15 in Evocations
 35887 | Abyss:2  | Cast into level 2 of the Abyss (a deep elf sorcerer)
 35890 | Abyss:2  | Found a corrupted altar of Lugonu.
 35900 | Abyss:3  | Found a corrupted altar of Lugonu.
 35938 | Elf:1    | Escaped the Abyss
 35958 | Elf:1    | Paralysed by an air elemental for 1 turns
 36645 | Elf:1    | Found a bloodstained altar of Trog.
 36667 | Elf:1    | Killed Aseqaof's ghost
 36703 | Elf:1    | Reached XP level 19. HP: 162/180 MP: 2/19
 36795 | Elf:1    | Found a transporter.
 36804 | Elf:1    | Identified the +0 pair of gloves of Idyczaes {rPois}
 37146 | Elf:2    | Found Sockicob's Weapon Shoppe.
 37226 | Elf:2    | Reached skill level 15 in Fighting
 37522 | Elf:2    | Found a runed translucent gate.
 37522 | Elf:2    | Found a runed translucent gate.
 37526 | Elf:2    | Found a runed translucent gate.
 37624 | Elf:2    | Noticed Azrael
 37634 | Elf:2    | Reached skill level 16 in Armour
 37652 | Elf:2    | Killed Azrael
 37713 | Elf:2    | Noticed Jorgrun
 37730 | Elf:2    | Killed Jorgrun
 38206 | Elf:3    | Entered Level 3 of the Elven Halls
 38260 | Elf:3    | Found Gupago's CLEARANCE SALE!.
 38263 | Elf:3    | Bought a +2 pair of gloves of dexterity for 129 gold pieces
 38627 | Elf:3    | Identified the +10 spear "Arbiter" {holy, Dex+4}
 39070 | Elf:3    | Reached skill level 15 in Polearms
 39344 | Elf:3    | Reached skill level 17 in Armour
 39448 | Elf:3    | Identified the +2 buckler of the Furrier {rF++}
 39454 | Elf:3    | Identified the ring of Yredelemnul, Screaming {rPois Int+2}
 39472 | Elf:3    | Identified the +10 mace of Toumubb {holy, rPois}
 39489 | Elf:3    | Identified the +3 scale mail of the Griffon {rElec rC+
                  | Int+3}
 39538 | Elf:3    | Reached XP level 20. HP: 136/192 MP: 20/20
 39941 | Elf:3    | Got the Anthology of the Singularity
 39972 | Elf:3    | Identified the +2 scale mail "Juquceage" {rPois rC- Str+3
                  | Dex+3}
 39974 | Elf:3    | Identified the +4 falchion of the Dungeon {flame, rF+ rN+
                  | Int-4 Dex+4}
 40260 | Vaults:1 | Entered Level 1 of the Vaults
 40574 | Vaults:1 | Reached skill level 18 in Armour
 40859 | Vaults:1 | Found Misut's Antique Weapon Shop.
 40936 | Vaults:1 | Found Varij's Magic Scroll Shoppe.
 40941 | Vaults:1 | Bought a scroll of fog for 56 gold pieces
 40941 | Vaults:1 | Bought a scroll of teleportation for 42 gold pieces
 40941 | Vaults:1 | Bought a scroll of fear for 56 gold pieces
 40941 | Vaults:1 | Bought a scroll of enchant armour for 105 gold pieces
 40941 | Vaults:1 | Bought a scroll of fear for 56 gold pieces
 40941 | Vaults:1 | Bought a scroll of enchant armour for 105 gold pieces
 41108 | Vaults:1 | Found Fohoargh's General Store.
 41128 | Vaults:1 | Bought a potion of might for 88 gold pieces
 41170 | Vaults:1 | Found Isogrut's Magic Scroll Shoppe.
 41178 | Vaults:1 | Bought a scroll of fear for 72 gold pieces
 41178 | Vaults:1 | Bought a scroll of fog for 72 gold pieces
 41178 | Vaults:1 | Bought a scroll of fog for 72 gold pieces
 41213 | Vaults:1 | Identified the +1 ring mail of the Snake Pit {rN+ rCorr}
 41753 | Vaults:2 | Found a staircase to the Crypt.
 41807 | Vaults:2 | Reached skill level 19 in Armour
 42718 | Vaults:2 | Reached skill level 20 in Armour
 43438 | Vaults:3 | Identified the +0 flail of Earthquakes {flame, rPois rF-
                  | Str+3 Int+3}
 43453 | Vaults:3 | Reached XP level 21. HP: 200/200 MP: 21/21
 43664 | Vaults:3 | Reached skill level 21 in Armour
 44957 | Vaults:4 | Noticed Margery
 44980 | Vaults:4 | Killed Margery
 45062 | Vaults:4 | Reached skill level 22 in Armour
 45067 | Vaults:4 | Identified the +6 long sword of Dissent {freeze, Will+
                  | Stlth+}
 45872 | Vaults:5 | Entered Level 5 of the Vaults
 46028 | Vaults:5 | Noticed a dread lich
 46048 | Vaults:5 | Noticed a golden dragon
 46064 | Vaults:5 | Reached skill level 15 in Dodging
 46067 | Vaults:5 | Killed a golden dragon
 46084 | Vaults:5 | Killed a dread lich
 46096 | Vaults:5 | Reached XP level 22. HP: 193/205 MP: 22/22
 46096 | Vaults:5 | Noticed a golden dragon
 46107 | Vaults:5 | Killed a golden dragon
 46139 | Vaults:5 | Got a silver rune of Zot
 46572 | Vaults:5 | Identified the +1 ring mail of Eternity {rC+ Will+ Int+4
                  | Slay+4}
 46595 | Vaults:5 | Reached skill level 23 in Armour
 46933 | Vaults:5 | Identified the +1 helmet "Asmi" {rPois Dex+5 SInv Stlth-}
 46960 | Vaults:5 | Identified the +4 dagger of Quantum Leap {drain, rF+ rN++
                  | Int-4 Dex+2}
 46990 | Vaults:5 | Identified the +9 great sword of Uhokuefe {heavy, Int+3}
 47147 | Vaults:5 | Identified the +12 spear of the Spectre {drain, *Noise
                  | Str+4 Dex+3}
 47185 | Vaults:5 | Identified the +6 scale mail of Temy {+Blink rC+ Dex+5}
 47214 | Vaults:5 | Identified the +3 hand axe "Lugoxab" {venom, rElec Will+
                  | Int-4}
 47854 | Depths:1 | Entered Level 1 of the Depths
 47895 | Depths:1 | Found a one-way gateway to a ziggurat.
 48075 | Depths:1 | Found a gateway to Hell.
 48550 | Depths:1 | Noticed a golden dragon
 48566 | Depths:1 | Killed a golden dragon
 49186 | Depths:2 | Noticed Mara
 49195 | Depths:2 | Noticed Shard1697's illusion
 49211 | Depths:2 | Killed Mara
 49503 | Depths:2 | Found a one-way gate leading to the halls of Pandemonium.
 49574 | Depths:2 | Reached skill level 10 in Stealth
 49580 | Depths:2 | Noticed Asterion
 49601 | Depths:2 | Killed Asterion
 49965 | Depths:2 | Paralysed by you for 4 turns
 50047 | Depths:2 | Identified the +9 orcbow of the Three Defenders {drain,
                  | Dex+2}
 50058 | Depths:2 | Identified the +4 mace of a Thousand Leylines {speed,
                  | Will+}
 50460 | Depths:3 | Noticed the Enchantress
 50467 | Depths:3 | Killed the Enchantress
 50468 | Depths:3 | Reached XP level 23. HP: 219/219 MP: 23/23
 51573 | Depths:3 | Found Cuilawym's Magic Scroll Boutique.
 51576 | Depths:3 | Found Itarih's General Store.
 51576 | Depths:3 | Found Sicri's Antique Armour Boutique.
 51581 | Depths:3 | Bought a scroll of teleportation for 51 gold pieces
 51581 | Depths:3 | Bought a scroll of blinking for 127 gold pieces
 51581 | Depths:3 | Found Sejeerui's Jewellery Shop.
 51897 | Depths:3 | Found a one-way gate to the infinite horrors of the Abyss.
 52047 | Depths:3 | Found the amulet of the Four Winds {rN+ Will+++ Clar}
 52053 | Depths:3 | Identified the amulet of Mepsevyzu {Acrobat rElec Str+3}
 52541 | Depths:4 | Entered Level 4 of the Depths
 52856 | Depths:4 | Found a runed translucent gate.
 52856 | Depths:4 | Found a runed translucent gate.
 52856 | Depths:4 | Found a runed translucent gate.
 52856 | Depths:4 | Noticed Notoschet's ghost (adept DsFi)
 53307 | Depths:4 | Found a gate to the Realm of Zot.
 53664 | Depths:4 | Noticed Saint Roka
 53689 | Depths:4 | Killed Saint Roka
 54001 | Depths:4 | Found a sparkling altar of Nemelex Xobeh.
 54180 | Zot:1    | Entered Level 1 of the Realm of Zot
 54590 | Zot:1    | Noticed Vv
 54662 | Zot:1    | Killed Vv
 54663 | Zot:1    | Reached XP level 24. HP: 94/233 MP: 23/23
 54953 | Zot:1    | Found a transporter.
 55039 | Zot:1    | Found a transporter.
 55219 | Zot:1    | Found a transporter.
 55337 | Zot:1    | Found a transporter.
 56240 | Zot:2    | Found the +4 dragonskin cloak
 56240 | Zot:2    | Noticed Tiamat
 57111 | Zot:1    | Killed Tiamat
 57247 | Zot:2    | Identified the ring of the Bull {*Corrode rF++ rN+ Int+4
                  | SInv}
 57261 | Zot:2    | Got the Atlas of Sciomancy
 58332 | Zot:3    | Found a runed translucent door.
 58707 | Zot:3    | Noticed Xapeig's ghost (legendary GrAr)
 59553 | Zot:4    | Found a transporter.
 59553 | Zot:4    | Found a transporter.
 59562 | Zot:4    | Reached XP level 25. HP: 247/247 MP: 23/23
 60564 | Zot:4    | Noticed a Killer Klown
 60565 | Zot:4    | Noticed a Killer Klown
 60567 | Zot:4    | Noticed a Killer Klown
 60568 | Zot:4    | Noticed a Killer Klown
 60588 | Zot:4    | Killed a Killer Klown
 60589 | Zot:4    | Reached skill level 24 in Armour
 60656 | Zot:4    | Noticed a dread lich
 60688 | Zot:4    | Killed a Killer Klown
 60693 | Zot:4    | Paralysed by a dread lich for 3 turns
 60705 | Zot:4    | Paralysed by something for 2 turns
 60711 | Zot:4    | Paralysed by something for 5 turns
 61052 | Zot:4    | Killed a Killer Klown
 61211 | Zot:4    | Killed a dread lich
 61276 | Zot:4    | Killed a Killer Klown
 61469 | Zot:4    | Reached skill level 25 in Armour
 61729 | Zot:5    | Entered Level 5 of the Realm of Zot
 61972 | Zot:5    | Noticed an orb of fire
 61976 | Zot:5    | Noticed an orb of fire
 61977 | Zot:5    | Gained mutation: You occasionally lose the ability to read
                  | scrolls when taking damage. [an orb of fire]
 62271 | Zot:5    | Gained mutation: Potions are less effective at restoring
                  | your health. [an orb of fire]
 62278 | Zot:5    | Gained mutation: Your body sometimes deteriorates upon
                  | taking damage. [an orb of fire]
 62283 | Zot:5    | Killed an orb of fire
 62284 | Zot:5    | Reached skill level 26 in Armour
 62323 | Zot:5    | Noticed a Killer Klown
 62324 | Zot:5    | Gained mutation: Your body often deteriorates upon taking
                  | damage. [an orb of fire]
 62329 | Zot:5    | Killed an orb of fire
 62510 | Zot:5    | Noticed a Killer Klown
 62522 | Zot:5    | Killed a Killer Klown
 62529 | Zot:5    | Noticed a Killer Klown
 62531 | Zot:5    | Noticed an ancient lich
 62543 | Zot:5    | Noticed a Killer Klown
 62568 | Zot:5    | Killed a Killer Klown
 62570 | Zot:5    | Noticed a dread lich
 62586 | Zot:5    | Killed a Killer Klown
 62587 | Zot:5    | Noticed an ancient lich
 62588 | Zot:5    | Noticed a dread lich
 62591 | Zot:5    | Noticed a dread lich
 62611 | Zot:5    | Killed an ancient lich
 62630 | Zot:5    | Killed a dread lich
 62631 | Zot:5    | Reached skill level 27 in Armour
 62934 | Zot:5    | Killed a dread lich
 62947 | Zot:5    | Killed an ancient lich
 63001 | Zot:5    | Noticed a dread lich
 63274 | Zot:5    | Reached XP level 26. HP: 256/256 MP: 23/23
 63293 | Zot:5    | Killed a dread lich
 63412 | Zot:5    | Noticed a dread lich
 63432 | Zot:5    | Got the Orb of Zot
 63439 | Zot:5    | Killed an ancient lich
 63465 | Zot:5    | Noticed an orb of fire
 63492 | Zot:5    | Killed a dread lich
 63538 | Zot:4    | Noticed Vys Pin the pandemonium lord
 63551 | Zot:4    | Killed Vys Pin the pandemonium lord
 64326 | D:$      | Escaped with the Orb!

Illustrated notes

Levels and vault maps discovered:
D:1:      minmay_arrival_shattered_statue, layout_loops_ring
D:2:      layout_rooms, serial_forest, infiniplex_forest_clump_tiny,
          infiniplex_forest_clump_tiny, infiniplex_forest_lined_room_2,
          infiniplex_forest_corner_2, infiniplex_forest_clump_large,
          infiniplex_forest_corner_2, infiniplex_forest_pool,
          infiniplex_forest_straight_4, uniq_terence
D:3:      wad_crossroads, layout_loops_ring, elyvilon_altar_1,
          old_standard_altar, serial_shops, shop
D:4:      layout_basic, nicolae_tso_swordbearing_angel,
          mainiacjoe_overflow_concentric_impassable, minivault_5,
          nicolae_shop_i_like_big_books
D:5:      layout_loops_ring, serial_shops, shop
D:6:      layout_basic, mainiacjoe_overflow_alcove_4
D:7:      layout_basic, minmay_temple_entry_slanted,
          hangedman_decor_peaks_small, uniq_pikel
D:8:      layout_basic, serial_shops, shop
D:9:      layout_irregular_city
D:10:     layout_loops_ring
D:11:     layout_grid_maze, due_lair_maze_entry_diamond
D:12:     layout_basic, hiddenorc2_lemuel, bloody_makhleb
D:13:     layout_cave_pods, lightli_vaults_fourway_checkpoint, uniq_sonja,
          uniq_frances
D:14:     layout_small_grid, serial_bayou_pond_d,
          hangedman_abyss_or_decor_stabs, lightli_church_of_beogh
D:15:     grunt_enter_depths_giant_problem, layout_rooms
Temple:   minmay_temple_bridge_d
Lair:1:   layout_regular_city, gauntlet_entry_generic, serial_bayou_pond_d
Lair:2:   cheibrodos_lair_overgrown_chateau, layout_regular_city,
          alex1729_snake_entry_snake
Lair:3:   layout_cave_pods, minmay_shoals_entry_beasts, st_stairs_11,
          pdpol_lair_cabin_in_the_woods, grunt_megastairs_2, uniq_nergalle
Lair:4:   dpeg_oklob_shooting_range, layout_hall_layers,
          infiniplex_staircase_pool_2
Lair:5:   gammafunk_lair_ancient_temple, layout_regular_city, slime_entry_1,
          evilmike_ambush [evilmike_ambush_outer_corners,
          evilmike_ambush_inner_wall_1], serial_bayou_shore_a
Shoals:1: layout_shoals, nicolae_shop_vocational
Shoals:2: layout_shoals, uniq_ilsuiw, uniq_mlioglotl, uniq_donald
Shoals:3: layout_shoals, serial_shops, shop
Shoals:4: shoals_end_hangedman, layout_shoals, serial_shops, shop,
          uniq_bai_suzhen
Snake:1:  layout_layer_cave
Snake:2:  gammafunk_its_a_trap, layout_misc_corridors, uniq_aizul
Snake:3:  layout_chambers, basic_altar, portal_ice_cave_entry_pillars_2,
          nicolae_triple_integral
Snake:4:  snake_pit, layout_gridlike
Orc:1:    layout_caves
Orc:2:    grunt_orc_tribal_feast, layout_caves, serial_shops,
          nicolae_shop_hallway_stairs, nicolae_orc_sculptors_studio,
          uniq_erolcha, uniq_josephine
Elf:1:    eino_elf_arrival_customs, layout_geoelf_octagon,
          gammafunk_ghost_wrathful_warriors, minivault_28,
          nicolae_elf_vaults_five_recruitment_drive
Elf:2:    elven_hall_of_blades_hangedman_original [mumra_blade_entry_dagger],
          layout_geoelf_octagon, serial_shops, shop, uniq_azrael, uniq_jorgrun
Elf:3:    minmay_elf_hall_hex, layout_geoelf_diagonals, nicolae_shop_clearance
Vaults:1: nicolae_vaults_prndl, nicolae_vaults_spaceships,
          vaults_standard_mumra_x, nicolae_vaults_specimen_jars,
          hangedman_vaults_stretched_pinwheel, grunt_vaults_funnel,
          nicolae_vaults_closet_pinwheel_3, nicolae_vaults_security_offices_1,
          nicolae_vaults_steering_wheel, ontoclasm_vaults_loading_screen,
          v_misc_13, nicolae_vaults_ring_of_whatevers, hangedman_vaults_slice,
          layout_vaults_omnicross, serial_shops, shop, shop,
          nicolae_shop_hallway_stairs, shop_statue
Vaults:2: nicolae_vaults_shrinking_rooms_1, vaults_mumra_minichess,
          nicolae_vaults_what_the_h, grunt_vaults_hallway_short,
          vaults_room_pools, vaults_dpeg_diagonal,
          nicolae_vaults_little_squares_3, nicolae_vaults_house_1,
          layout_vaults_omnigrid
Vaults:3: nicolae_vaults_tetromino_L_2, nicolae_vaults_closet_pinwheel_2,
          st_lattice, nicolae_vaults_closet_pinwheel_5, hangedman_vaults_hat,
          nicolae_vaults_ninety_degrees, nicolae_vaults_tangram_1,
          hangedman_vaults_cutoff, vaults_room_door_ring,
          nicolae_vaults_little_squares_4, layout_vaults_maze_bifur
Vaults:4: nicolae_vaults_wrenched, vaults_dpeg_doors, hangedman_vaults_trim,
          hangedman_vaults_trim, v_rooms_6, hangedman_vaults_nails,
          hangedman_vaults_stagger, nicolae_vaults_tetromino_Z_1,
          nicolae_vaults_rhombus_6, ontoclasm_vaults_tryst, v_alt_pattern_4,
          layout_vaults_omnibox, uniq_margery
Vaults:5: serial_shops
Depths:1: layout_gridlike, enter_ziggurat_f, nicolae_wwwww, hellmouth_2,
          minmay_misc_feat_encased, kennysheep_two_boxes
Depths:2: gammafunk_mikee_crab_dinner, layout_gridlike, pan_entry,
          serial_rivers, chequers_serial_rivers_large_a,
          chequers_serial_rivers_micro_e, chequers_serial_rivers_small_a,
          chequers_serial_rivers_micro_a, hell_entry, minmay_strange_pillars,
          grunt_megastairs_3, minmay_staircase_bubble, serial_bayou_shore_b,
          uniq_josephina, uniq_mara, uniq_asterion
Depths:3: minmay_skeleton_keep, layout_basic, abyss_entry, serial_rivers,
          chequers_serial_rivers_marsh, chequers_serial_rivers_room_a,
          chequers_serial_rivers_micro_c, chequers_serial_rivers_micro_d,
          hellmouth_3, minmay_shoptagon, uniq_enchantress
Depths:4: evilmike_zot_entry_basic, layout_gridlike,
          biasface_ghost_demon_polymorph, pf_hell_entry_tar_river,
          minmay_misc_feat_tower, nemelex_altar_shiori, uniq_saint_roka
Zot:1:    layout_concentric_octagons, nicolae_transporter_intersection, uniq_vv
Zot:2:    layout_misc_corridors, st_small_dragon_hoard_1, st_stairs_6,
          st_grand_hoard_of_tiamat
Zot:3:    layout_gridville, gammafunk_ghost_grave
Zot:4:    ebering_klown_carousel, layout_misc_corridors, nicolae_diode_stairs
Zot:5:    layout_gridville, bh_zot_ikea_curve

Skill      XL: |  1  2  3  4  5  6  7  8  9 10 11 12 13 14 15 16 17 18 19 20 21 22 23 24 25 26 |
---------------+-------------------------------------------------------------------------------+-----
Axes           | 3 4 |  4.2
Fighting       | 3 4 5 7 9 10 11 12 13 14 15 17 18 19 20 21 | 21.2
Polearms       | 2 5 8 9 10 11 12 13 14 15 16 17 | 17.8
Shields        | 4 8 10 11 13 14 15 | 15.0
Armour         | 2 7 10 12 14 15 17 20 22 23 27 | 27.0
Evocations     | 1 6 8 10 11 13 15 17 18 20 | 20.5
Dodging        | 5 7 10 12 15 | 15.8
Stealth        | 1 6 11 12 | 12.3
Throwing       | |  1.7

Action                     |  1- 3 |  4- 6 |  7- 9 | 10-12 | 13-15 | 16-18 | 19-21 | 22-24 | 25-27 || total
---------------------------+-------+-------+-------+-------+-------+-------+-------+-------+-------++-------
  Melee: War axe           |    84 |   145 |   214 |       |       |       |       |       |       ||   443
         Tailslap          |     6 |    18 |    40 |    95 |   284 |   296 |   432 |   479 |   147 ||  1797
         Punch             |       |     1 |     2 |       |       |       |       |       |       ||     3
         Halberd           |       |       |    74 |       |       |       |       |       |       ||    74
         Lance             |       |       |   109 |   535 |  1508 |  1885 |  2011 |  2130 |   596 ||  8774
  Throw: Throwing net      |       |     1 |     4 |       |       |       |       |       |       ||     5
 Invoke: Bribe Branch      |       |       |       |       |       |       |     1 |       |     2 ||     3
         Potion Petition   |       |       |       |       |       |       |       |     3 |       ||     3
  Evoke: Lightning rod     |       |       |       |       |     4 |     9 |     8 |       |       ||    21
         Wand              |       |       |       |       |     1 |     1 |     2 |     1 |     6 ||    11
         Tin of tremorston |       |       |       |       |       |     3 |     6 |     4 |       ||    13
         Phantom mirror    |       |       |       |       |       |     1 |       |     1 |       ||     2
         Phial of floods   |       |       |       |       |       |     1 |       |       |       ||     1
    Use: Scroll            |       |     8 |    10 |     4 |     9 |     1 |     5 |    12 |     7 ||    56
         Potion            |       |       |     2 |     1 |     2 |     7 |     3 |     2 |     8 ||    25
   Stab: Held in net/web   |       |       |     5 |       |       |       |       |       |       ||     5
         Distracted        |       |       |       |     3 |    13 |    14 |    16 |    27 |     9 ||    82
         Sleeping          |       |       |       |     3 |    16 |    14 |       |     1 |       ||    34
         Petrified         |       |       |       |       |     7 |       |       |       |       ||     7
         Paralysed         |       |       |       |       |       |       |       |     2 |     1 ||     3
 Armour: Leather armour    |    10 |       |       |       |       |       |       |       |       ||    10
         Scale mail        |    46 |    70 |   149 |       |       |       |       |       |       ||   265
         Skin              |     7 |       |       |       |       |       |       |       |       ||     7
         Ring mail         |       |       |    38 |    75 |   187 |   188 |       |       |       ||   488
         Plate armour      |       |       |       |       |       |   130 |   309 |   456 |   205 ||  1100
  Dodge: Dodged            |    34 |    74 |   246 |   134 |   218 |   334 |   446 |   595 |   205 ||  2286
  Block: Kite shield       |       |       |       |   231 |   772 |  1137 |   897 |   992 |   322 ||  4351
         Reflection        |       |       |       |     4 |    31 |   124 |     4 |     4 |     1 ||   168

Table legend: (Time is in decaauts)
 A = Elapsed time spent in this place.
 B = Non-inter-level travel time spent in this place.
 C = Inter-level travel time spent in this place.
 D = Time resting spent in this place.
 E = Time spent auto-exploring this place.
 F = Levels seen in this place.
 G = Mean time per level.
                   A        B        C        D        E       F      G
               +--------+--------+--------+--------+--------+-----+--------+
         Total |  60796 |  56602 |   4194 |   8016 |  34570 |  52 | 1169.2 |
       Dungeon |  15716 |  14125 |   1591 |   1103 |  10075 |  15 | 1047.7 |
        Temple |     61 |     20 |     41 |      0 |      0 |   1 |   61.0 |
          Lair |   5622 |   4978 |    644 |    199 |   3673 |   5 | 1124.4 |
        Shoals |   4429 |   4143 |    286 |    424 |   2699 |   4 | 1107.2 |
     Snake Pit |   6103 |   5798 |    305 |   1043 |   3341 |   4 | 1525.8 |
  Orcish Mines |   1777 |   1695 |     82 |    280 |    971 |   2 |  888.5 |
   Elven Halls |   4215 |   3936 |    279 |    620 |   1970 |   3 | 1405.0 |
        Vaults |   7100 |   6618 |    482 |     89 |   4624 |   5 | 1420.0 |
        Depths |   5991 |   5786 |    205 |    964 |   3621 |   4 | 1497.8 |
           Zot |   8712 |   8436 |    276 |   2925 |   3495 |   5 | 1742.4 |
         Abyss |     50 |     50 |      0 |      0 |      0 |   2 |   25.0 |
      Ice Cave |    487 |    487 |      0 |    178 |    100 |   1 |  487.0 |
      Gauntlet |    529 |    529 |      0 |    188 |      0 |   1 |  529.0 |
               +--------+--------+--------+--------+--------+-----+--------+

Top non-repeatable levels by time:
   Zot:4: 2706 daAuts
   Zot:1: 2109 daAuts
 Snake:3: 2027 daAuts
 Snake:4: 1903 daAuts
Depths:4: 1843 daAuts
   Zot:2: 1749 daAuts
Vaults:5: 1739 daAuts
   Elf:3: 1729 daAuts
Depths:2: 1638 daAuts
  Lair:5: 1524 daAuts
     D:6: 1505 daAuts
  Lair:3: 1493 daAuts
   Elf:1: 1443 daAuts
Vaults:2: 1441 daAuts
Shoals:4: 1406 daAuts
